 Dungeon Crawl Stone Soup version 0.18-a0-97-g9c2abca (webtiles) character file.

305 Duffy the Caller (level 6, -1/41 HPs)
             Began as a Mummy Summoner on Nov 14, 2015.
             Killed from afar by an orc wizard (12 damage)
             ... with a puff of flame
             ... on level 4 of the Dungeon.
             The game lasted 00:08:29 (4237 turns).

Duffy the Caller (Mummy Summoner)                   Turns: 4237, Time: 00:08:29

Health: -1/41      AC:  6    Str: 11    XL:     6   Next: 16%
Magic:  3/11       EV: 12    Int: 17    God:
Gold:   151        SH:  0    Dex: 12    Spells: 4 memorised, 2 levels left

rFire  x . .     SeeInvis .     h - +0 spear
rCold  + . .     Clarity  .     a - +0 robe
rNeg   + + +     SustAt   .     (no shield)
rPois  ∞         Gourm    .     (no helmet)
rElec  .         Spirit   .     (no cloak)
rCorr  .         Warding  .     (no gloves)
rMut   .         Stasis   .     (no boots)
MR     .....                    (no amulet)
Stlth  +++.......               l - ring of stealth
                                g - +4 ring of protection

@: not resistant to hostile enchantments, fairly stealthy
A: no food or potions, fire vulnerability, cold resistance 1, negative energy
resistance 3, torment resistance, unbreathing
a: no special abilities


You were on level 4 of the Dungeon.
You were not hungry.

You visited 1 branch of the dungeon, and saw 4 of its levels.
You also visited: Sewer.

You collected 151 gold pieces.


Innate Abilities, Weirdness & Mutations

You do not eat or drink.
Your flesh is vulnerable to fire.
You are immune to poison.
Your flesh is cold resistant.
You are immune to negative energy.
You are immune to unholy pain and torment.
You can survive without breathing.


   Skills:
 - Level 1.5 Dodging
 - Level 1.5 Stealth
 + Level 3.6 Spellcasting
 + Level 4.9 Summonings
 * Level 2.0 Ice Magic


You had 2 spell levels left.
You knew the following spells:

 Your Spells              Type           Power        Failure   Level  Hunger
a - Summon Small Mammal   Summ           ###.         2%          1    N/A
i - Call Imp              Summ           ###.....     3%          2    N/A
l - Summon Ice Beast      Ice/Summ       ###.....     45%         4    N/A
n - Call Canine Familiar  Summ           ###.....     10%         3    N/A

Inventory:

Hand Weapons
 h - a +0 spear (weapon)
Missiles
 d - 15 poisoned needles
 f - 146 stones (quivered)
Armour
 a - a +0 robe (worn)
Jewellery
 g - a +4 ring of protection (left hand)
 l - a ring of stealth (right hand)
 p - an uncursed ring of sustain attributes
 r - an uncursed ring of ice
 s - an uncursed ring of teleportation
Scrolls
 c - 3 scrolls of teleportation
 j - 3 scrolls of enchant weapon {unknown}
 k - a scroll of immolation {unknown}
 m - a scroll of remove curse
 n - 2 scrolls of blinking
 o - a scroll of magic mapping {unknown}
 q - a scroll of noise {unknown}
Books
 b - a book of Callings

Dungeon Overview and Level Annotations

Branches:
Dungeon (4/15)
 Temple: D:4-7

Altars:
Dithmenos
Makhleb
Trog

Shops:
D:4 [=


Message History

Your hound barely misses the orc.
Your crimson imp blinks!
You hear some strange, mumbled words.
A magic dart appears from out of thin air!
The magic dart hits you!
The rat zombie bites your hound but does no damage.
You barely miss something. Something hits you but does no damage.
Your hound bites the orc.
The orc hits your hound but does no damage.
The orc closely misses your hound.
The rat zombie closely misses your hound.
Your hound bites the orc.
The orc dies!
Cast which spell? (? or * to list)
A beastly little devil appears in a puff of flame.
You hear some strange, mumbled words.
A puff of flame appears from out of thin air!
The puff of flame hits you! The fire burns you terribly!
Your shadow imp completely misses the orc.
You hear some strange, mumbled words.
A puff of flame appears from out of thin air!
The puff of flame hits you! The fire burns you terribly!
The rat zombie closely misses your hound.
Your hound disappears in a puff of smoke!
Your shadow imp barely misses something.
Attack whom?
Press: ? - help, Dir - move target cursor, p - orc You miss something.
Something hits you but does no damage.
Attack whom?
Press: ? - help, Dir - move target cursor You closely miss something.
You hear some strange, mumbled words.
A puff of flame appears from out of thin air!
The puff of flame hits you! The fire burns you terribly!
You die...

.. .## #
#.#..#...#..) ..
.##.###.........#
. ..
.##.............#
#.............#
#...##.......?#
#.#.##........# #
#.#....#.####
..#........######
#.......#.@....#
#.....#.#{####.#
#.....#.55.5.#
#########o##.#
#Z). .. #).......
.........
.........
########


You could see an orc, a rat zombie, a friendly crimson imp and a friendly shadow
imp.

Action                   |  1- 3 |  4- 6 || total
-------------------------+-------+-------++-------
Melee: Spear             |   116 |    98 ||   214
Throw: Stone             |       |     2 ||     2
 Cast: Summon Small Mamm |    60 |       ||    60
       Call Imp          |    12 |    17 ||    29
       Call Canine Famil |     3 |    18 ||    21
  Use: Scroll            |       |     5 ||     5
 Stab: Sleeping          |     5 |     3 ||     8
       Distracted        |     1 |     1 ||     2

Notes
Turn   | Place    | Note
--------------------------------------------------------------
     0 | D:1      | Duffy the Mummy Summoner began the quest for the Orb.
     0 | D:1      | Reached XP level 1. HP: 13/13 MP: 3/3
   618 | D:1      | Reached XP level 2. HP: 19/19 MP: 1/5
   622 | D:1      | Learned a level 2 spell: Call Imp
  1534 | D:2      | Reached XP level 3. HP: 24/24 MP: 3/6
  1539 | D:2      | Learned a level 3 spell: Call Canine Familiar
  1802 | D:2      | Reached skill level 4 in Summonings
  2311 | D:3      | Found a glowing drain.
  2430 | Sewer    | Entered a sewer
  2434 | Sewer    | Reached XP level 4. HP: 28/30 MP: 0/8
  2540 | Sewer    | Noticed a big kobold
  2624 | Sewer    | Killed a big kobold
  2624 | Sewer    | Reached skill level 3 in Spellcasting
  2723 | Sewer    | Found a glowing silver altar of Zin.
  2869 | D:3      | Noticed Jessica
  2890 | D:3      | Killed Jessica
  2890 | D:3      | Reached XP level 5. HP: 35/35 MP: 2/9
  2897 | D:3      | Learned a level 4 spell: Summon Ice Beast
  2954 | D:3      | Found a shadowy altar of Dithmenos.
  3278 | D:3      | Found a burning altar of Makhleb.
  3279 | D:3      | Found a shadowy altar of Dithmenos.
  3403 | D:3      | Reached skill level 1 in Ice Magic
  3541 | D:3      | Found a bloodstained altar of Trog.
  3651 | D:3      | Noticed a centaur
  3659 | D:3      | Killed a centaur
  4091 | D:4      | Found Veisch's Antique Armour Shoppe.
  4116 | D:4      | Found Hufutia's Jewellery Shoppe.
  4125 | D:4      | Noticed an ice beast
  4136 | D:4      | Killed an ice beast
  4136 | D:4      | Reached skill level 2 in Ice Magic
  4136 | D:4      | Reached XP level 6. HP: 41/41 MP: 2/11
  4237 | D:4      | Killed from afar by an orc wizard

Vault maps used:
D:1:      saegor_arrival_simple_e
D:2:      first_bread, minmay_misc_feat_ornament
D:3:      gammafunk_temple_overflow_statue, portal_sewer_entry_a,
          hangedman_decor_lopped, kennysheep_flooded_box,
          nicolae_dithmenos_shadow_blocks, uniq_jessica
D:4:      lemuel_zombie_altar_kikubaaqudgha, serial_shops, shop,
          kennysheep_mini_moat
Sewer:    sewer_kobolds

Vanquished Creatures
  An ice beast
  A centaur
  A big kobold Jessica
  An orc wizard
  4 adders
  2 river rats
  A shadow imp
  3 oozes
  A giant gecko
  5 orcs
  10 bats
  7 goblins
  6 hobgoblins
  3 jackals
  14 kobolds
  4 ball pythons
  12 giant cockroaches
  3 giant newts
  A quokka
  11 rats
92 creatures vanquished.
